cohdb
Replays
Latest Replays
All Replays
Popular Replays
Top Player Replays
Match Explorer
How It Works
Community
CoH3 Stats
Reddit
Sign in to upload your games and track your stats! →
Sign in with Steam
Match 41702578
Unlisted
Match 41702578
Overview
Messages
Build Orders
End
Selects Special Operations Battlegroup
Selects M29 Weasel Recon Vehicle
M29 Weasel Recon Vehicle
Construct Weapon Support Center
Bazooka Squad
M1919 Machine Gun Team
M1919 Machine Gun Team
Engineer Squad
Infantry Support Center
Construct Medical Station
M3 Armored Personnel Carrier
Selects Raiding Flares
Selects SSF Commando Squad
SSF Commando Squad
SSF Commando Squad
Advanced Logistics
Improved M9 Bazooka Rockets
Raiding Flares
Selects P-47 Anti-Infantry Loiter
Selects UNKNOWN (2162291)
P-47 Anti-Infantry Loiter
SSF Commando Squad
Construct Tank Depot
Selects Assault Operation
M4A1 Sherman Whizbang
M4A1 Sherman Whizbang
P-47 Anti-Infantry Loiter
Raiding Flares
Ted 'Seaman' Silk
Thomas Smooth
Saueee
Mr.Faraam
0
0
Comments
sign in to comment!
No comments posted yet!